 Dungeon Crawl Stone Soup version 0.18-a0-640-g2c992fa (console) character file.

63 bli the Skirmisher (level 4, -4/38 HPs)
             Began as a Merfolk Wanderer on Dec 5, 2015.
             Was an Initiate of Okawaru.
             Slain by a river rat (5 damage)
             ... summoned by Eustachio
             ... on level 3 of the Dungeon.
             The game lasted 00:06:57 (1567 turns).

bli the Skirmisher (Merfolk Wanderer)               Turns: 1567, Time: 00:06:57

Health: -4/38      AC:  2    Str: 14    XL:     4   Next: 10%
Magic:  4/4        EV: 12    Int: 10    God:    Okawaru [......]
Gold:   202        SH:  0    Dex: 13    Spells: 0 memorised, 3 levels left

rFire  . . .     SeeInvis .     b - +2 shortbow
rCold  . . .     Clarity  .     e - +0 robe
rNeg   + + .     SustAt   .     (shield currently unavailable)
rPois  .         Gourm    .     (no helmet)
rElec  .         Spirit   .     (no cloak)
rCorr  .         Dismiss  .     (no gloves)
rMut   .         Stasis   .     (no boots)
MR     .....                    (no amulet)
Stlth  +.........               A - ring of positive energy
                                p - ring of positive energy

@: confused, not resistant to hostile enchantments, very unstealthy
A: change form in water, swift swim
a: Renounce Religion


You were on level 3 of the Dungeon.
You worshipped Okawaru.
Okawaru was noncommittal.
You were not hungry.

You visited 1 branch of the dungeon, and saw 4 of its levels.

You collected 202 gold pieces.

Inventory:

Hand Weapons
 a - a +0 spear
 b - a +2 shortbow (weapon)
 d - a +0 quarterstaff
 f - a +0 dagger
 k - a +1 dagger of speed
 v - a +0 spear
 y - a +0 short sword of freezing
Missiles
 c - an arrow (quivered)
Armour
 e - a +0 robe (worn)
Jewellery
 p - a ring of positive energy (left hand)
 u - an uncursed ring of positive energy
 A - a ring of positive energy (right hand)
Wands
 o - a wand of fireball (7)
Scrolls
 h - 2 scrolls of amnesia {unknown}
 j - 2 scrolls of recharging {unknown}
 l - 2 scrolls of enchant armour {unknown}
 m - a scroll of magic mapping {unknown}
 n - 3 scrolls of identify {unknown}
 r - a scroll of noise {unknown}
 t - 2 scrolls of blinking {unknown}
Potions
 i - 4 potions of curing {unknown}
 q - a potion of heal wounds {unknown}
 s - a potion of flight {unknown}
 w - 2 potions of lignification {unknown}
Comestibles
 g - 3 bread rations
 x - 2 meat rations
 B - a beef jerky


   Skills:
 + Level 4.6 Fighting
 * Level 2.2(3.0) Polearms
 - Level 1.5(1.8) Staves
 - Level 1.5 Bows
 + Level 1.7 Dodging
 + Level 2.7 Stealth


You had 3 spell levels left.
You didn't know any spells.

Dungeon Overview and Level Annotations

Branches:
Dungeon (4/15)
 Temple: D:4-7

Altars:
Okawaru
Xom
Zin

Annotations:
D:3 Eustachio


Message History

The river rat closely misses you. Eustachio barely misses you.
The river rat closely misses you.
Firing (i - inventory):
c - 3 arrows (quivered)
Press: ? - help, Shift-Dir - straight line, f/p - Eustachio
Aim: Eustachio, wielding a rapier, wearing a leather armour and carrying a wand of confusion {zapped: 10} (moderately wounded)
You shoot an arrow. The bat hits you.
* * * LOW HITPOINT WARNING * * *
The river rat closely misses you.
Eustachio casts a spell.
The river rat bites you!
* * * LOW HITPOINT WARNING * * *
Firing (i - inventory):
c - 2 arrows (quivered)
Press: ? - help, Shift-Dir - straight line, f/p - Eustachio
Aim: Eustachio, wielding a rapier, wearing a leather armour and carrying a wand of confusion {zapped: 10} (moderately wounded)
You shoot an arrow. The arrow barely misses Eustachio.
The bat hits you.
* * * LOW HITPOINT WARNING * * *
The bat barely misses you. The river rat misses you.
Eustachio mumbles some strange words.
The river rat bites you.
You die...

...#.###..# #.........# #########
.....###.#### #.......#
.....)......# ######.##.##.#
.#.##..#.##.# #.......).<..#
.#.##..#.##.# #.####.##.#..#
.........##.###.####.####..##
.##.#..##(((#(...(##........#
.......##.#..5r...####.##.#.#####
##.......(.....rb.# #.##........
#...##.#.#.#(r@@(####.####.#####
#.............r.(...#.####.# #.
##..<#..#.#.#..#####...(....# #.
...............# #...(..### #.
........#.#.#..# #......# #####
...............# #......# #....
#......##......#####......# #.###
#.###....<.(.........###### #.#
#.# #.###.#######..### #.#
..###.# #(# #..# #># ......# #.#
#..# #.#


You could see Eustachio, 4 river rats, a white imp and a bat.

Vanquished Creatures
  An adder (D:2)
  An ooze (D:1)
  3 giant geckos
  7 orcs (D:3)
  2 giant cockroaches (D:2)
  4 goblins
  6 hobgoblins
  4 bats
  2 giant newts
  6 kobolds
  3 rats (D:1)
39 creatures vanquished.

Notes
Turn   | Place    | Note
--------------------------------------------------------------
     0 | D:1      | bli the Merfolk Wanderer began the quest for the Orb.
     0 | D:1      | bli set off with: a +2 shortbow, 27 arrows, a +0 spear, a +0 quarterstaff, a +0 robe, a +0 dagger, a bread ration
     0 | D:1      | Reached XP level 1. HP: 18/18 MP: 1/1
   178 | D:1      | Reached XP level 2. HP: 23/25 MP: 2/2
   276 | D:1      | Reached skill level 4 in Fighting
   475 | D:2      | Found a shimmering altar of Xom.
   475 | D:2      | Noticed an angel
   476 | D:2      | Found a glowing silver altar of Zin.
   536 | D:2      | Reached XP level 3. HP: 30/30 MP: 3/3
   590 | D:2      | Reached skill level 1 in Polearms
   756 | D:2      | Found an iron altar of Okawaru.
   766 | D:2      | Became a worshipper of Warmaster Okawaru
  1303 | D:3      | Reached XP level 4. HP: 38/38 MP: 4/4
  1535 | D:4      | Noticed Eustachio
  1567 | D:3      | HP: 1/38 [bat[Eustachio] (1)]
  1567 | D:3      | Slain by a river rat

Vault maps used:
D:1:      ncdulo_watergridlock
D:2:      grunt_temple_overflow_order_and_chaos_1, kennysheep_cluttered_room,
          okawaru_ov_weapons_minmay
D:3:      serial_glass, glass_columns_c, glass_columns_b
D:4:      kiku_gazebo_garden_becter, first_bread, grunt_ministairs_2,
          hangedman_glass_teeth, minmay_misc_feat_five,
          nicolae_ru_path_of_blood, uniq_eustachio

Action                   |  1- 3 |  4- 6 || total
-------------------------+-------+-------++-------
Melee: Spear             |    18 |       ||    18
 Fire: Shortbow          |    58 |    30 ||    88
  Eat: Chunk             |     1 |     1 ||     2
